 Dungeon Crawl Stone Soup version 0.25-a0-731-g0472a16d6a (webtiles) character file.

Game seed: 3284580584590604633, levelgen mode: deterministic

21452 vurker the Zephyrmancer (level 12, 57/57 HPs)
             Began as a Felid Air Elementalist on Apr 8, 2020.
             Was a High Priest of Vehumet.
             Quit the game on level 5 of the Lair of Beasts.
             The game lasted 00:35:58 (25406 turns).

vurker the Zephyrmancer (Felid Air Elementalist)   Turns: 25406, Time: 00:35:59

Health: 57/57      AC:  3    Str:  4    XL:     12   Next: 54%
Magic:  22/28      EV: 24    Int: 24    God:    Vehumet [*****.]
Gold:   914        SH:  0    Dex: 17    Spells: 24/34 levels left
                                        Lives:  1   Deaths: 2

rFire    + . .     SeeInvis +   (weapon unavailable)
rCold    + . .     Gourm    .   (shield unavailable)
rNeg     + . .     Faith    .   (armour unavailable)
rPois    .         Spirit   .   (helmet unavailable)
rElec    .         Reflect  .   (cloak unavailable)
rCorr    .         Harm     +   (gloves unavailable)
MR       +....                  (boots unavailable)
Stlth    +++++.....             c - amulet of harm
HPRegen  0.19/turn              L - +3 ring of intelligence
MPRegen  0.21/turn              I - ring of positive energy

@: quick
A: very small, no armour, no weapons or thrown items, stealth, antennae 1, claws
1, fangs 3, see invisible, carnivore, fire resistance 1, speed 1, shaggy fur 3,
slow metabolism 1, sharp paws
a: Renounce Religion


You were on level 5 of the Lair of Beasts.
You worshipped Vehumet.
Vehumet was extremely pleased with you.
You were not hungry.

You visited 3 branches of the dungeon, and saw 17 of its levels.

You collected 914 gold pieces.

Inventory:

Jewellery
 c - an amulet of harm (around neck)
   (You found it on level 1 of the Dungeon)
 q - an uncursed ring of protection from cold
   (You found it on level 7 of the Dungeon)
 I - a ring of positive energy (right paw)
   (You found it on level 10 of the Dungeon)
 K - an uncursed amulet of the acrobat {unknown}
   (You found it on level 5 of the Lair of Beasts)
 L - a +3 ring of intelligence (left paw)
   (You found it on level 3 of the Lair of Beasts)
Wands
 d - a wand of iceblast (2)
   (You took it off an orc on level 11 of the Dungeon)
 t - a wand of flame (59)
   (You found it on level 10 of the Dungeon)
 u - a wand of paralysis (21)
   (You found it on level 6 of the Dungeon)
 v - a wand of digging (5)
   (You found it on level 7 of the Dungeon)
 x - a wand of acid (5)
   (You found it on level 4 of the Lair of Beasts)
 G - a wand of polymorph (14)
   (You found it on level 11 of the Dungeon)
Scrolls
 b - a scroll of immolation {unknown}
 h - 4 scrolls of enchant weapon
 j - 3 scrolls of enchant armour {unknown}
 k - 8 scrolls of remove curse
 m - a scroll of blinking {unknown}
 n - 8 scrolls of teleportation
 o - 5 scrolls of fear {unknown}
 s - 4 scrolls of magic mapping {unknown}
 w - a scroll of acquirement {unknown}
 z - a scroll of summoning {unknown}
 B - 3 scrolls of amnesia {unknown}
 C - a scroll of identify
 D - a scroll of vulnerability {unknown}
 E - a scroll of fog {unknown}
 F - a scroll of random uselessness {unknown}
Potions
 a - 2 potions of cancellation
 f - 9 potions of curing
 g - 3 potions of brilliance
 i - 2 potions of flight
 l - 3 potions of lignification
 p - 3 potions of haste
 r - 2 potions of resistance
 y - 6 potions of heal wounds
 A - a potion of magic
 J - a potion of invisibility
Miscellaneous
 H - a box of beasts
Comestibles
 e - 23 rations


   Skills:
 + Level 9.2 Fighting
 + Level 8.4 Dodging
 + Level 8.9 Stealth
 * Level 11.9 Spellcasting
 - Level 8.0 Conjurations
 * Level 12.0 Air Magic


You had 24 spell levels left.
You knew the following spells:

 Your Spells              Type           Power        Failure   Level  Hunger
a - Shock                 Conj/Air       ####         1%          1    None
b - Lightning Bolt        Conj/Air       ######....   1%          5    ###....
c - Airstrike             Air            ######....   1%          4    None

Your spell library contained the following spells:

 Spells                   Type           Power        Failure   Level  Hunger
 Lee's Rapid Deconstruct  Erth           ##........   30%         5    ###....
 Foxfire                  Conj/Fire      ####         1%          1    None
 Swiftness                Chrm/Air       #####...     1%          2    None
 Conjure Flame            Conj/Fire      ####....     1%          3    None
 Static Discharge         Conj/Air       ######..     1%          3    None
 Sticky Flame             Conj/Fire      ####....     2%          4    None
 Inner Flame              Hex/Fire       ##......     3%          3    None
 Fireball                 Conj/Fire      ####......   7%          5    ###....
 Confusing Touch          Hex            ##......     13%         3    None
 Gell's Gravitas          Tloc           ##........   13%         3    None
 Yara's Violent Unravell  Hex/Tmut       ##........   30%         5    ###....
 Petrify                  Tmut/Erth      ##......     41%         4    None
 Metabolic Englaciation   Hex/Ice        ##........   77%         5    ###....


Dungeon Overview and Level Annotations

Branches:
Dungeon (11/15)            Temple (1/1) D:5            Lair (5/6) D:8
 Shoals (0/4) Lair:4       Spider (0/4) Lair:4          Orc (0/2) D:9
  Slime: Lair:5-6

Altars:
Ashenzari
Cheibriados
Dithmenos
Elyvilon
Fedhas
Gozag
Hepliaklqana
Kikubaaqudgha
Makhleb
Nemelex Xobeh
Okawaru
Qazlal
Ru
Trog
Uskayaw
Vehumet
Xom
Zin
The Shining One

Shops:
D:6 }(%=   D:8 %


Innate Abilities, Weirdness & Mutations

You cannot wear armour.
You are incapable of wielding weapons or throwing items.
Your paws allow you to move quietly. (Stealth)
You have sharp claws.
You have razor-sharp teeth.
You have supernaturally acute eyesight. (SInv)
You are carnivorous and can eat meat at any time.
You cover ground quickly.
Your thick and shaggy fur keeps you warm. (AC +3, rC+)
You have a slow metabolism.
Your sharp claws are effective at attacking unaware monsters.
You have a pair of small antennae on your head.
Your flesh is heat resistant. (rF+)


Message History

The dream sheep completely misses you. The dream sheep barely misses you.
Aim: a dream sheep (heavily wounded)
The air twists around and strikes the dream sheep!
You kill the dream sheep!
Vehumet accepts your kill.
You feel your power returning.
The dream sheep shake their wool and sparkle.
You feel drowsy...
You fall asleep.
The dream sheep completely misses you.
A dream sheep comes into view.
The dream sheep bites you!!
You wake up.
The dream sheep misses you.
Aim: a dream sheep The air twists around and strikes the dream sheep!
The dream sheep bites the fungus.
A dream sheep comes into view.
The dream sheep bites you!
* * * LOW HITPOINT WARNING * * *
The dream sheep closely misses you.
As you read the scroll labeled LOTYIPSUPSA, it crumbles to dust.
It is a scroll of enchant weapon.
You aren't carrying any weapons that can be enchanted.
The dream sheep bites the fungus!
The dream sheep misses you. x2
As you read the scroll labeled ESOEXT RORPH, it crumbles to dust.
You feel strangely unstable.
It was a scroll of teleportation.
The dream sheep are wreathed in dream dust.
You feel drowsy...
You fall asleep.
The dream sheep closely misses you. The dream sheep bites you!!
Ouch! That really hurt!
You die...
You wake up.
You are now level 12!
You rejoin the land of the living...
Found 19 stones and 44 gold pieces.
Found a stone staircase leading down.
A spiny frog comes into view.
A spiny frog is nearby!
A spiny frog is nearby!
Aim: a spiny frog (resting)
The air twists around and strikes the spiny frog!
The spiny frog gives a loud, deep croak!
Aim: a spiny frog (moderately wounded)
The air twists around and strikes the spiny frog!
Aim: a spiny frog (almost dead)
The air twists around and strikes the spiny frog!
You kill the spiny frog!
Vehumet accepts your kill.
A bullfrog comes into view.
The bullfrog moves out of view.
The bullfrog is too close now for your liking.
A bullfrog is nearby!

#.###.##
......... ...
#### . ...#....
... ##. ..
......# ... #..
.. .....# #..
.. ...$## # #..
. #. P...#.##
.###.#
...$#.#......#
......P
.......@..P.#
.P..P..
..#.$##.>(.....
....... #.
.........
.#...#.
####...#..
##...# ###.#F
##.. # #... ...


You could see a bullfrog (wandering).

Vanquished Creatures
  3 hydras
  A centaur warrior (D:11)
  Erica (D:9)
  3 two-headed ogres
  2 deep elf magi (D:11)
  A cyclops (D:11)
  7 elephants (Lair:3)
  A centaur zombie (D:9)
  A merfolk siren (Lair:4)
  4 black mambas
  Psyche (D:9)
  7 spiny frogs
  6 centaur skeletons
  A rime drake (Lair:3)
  6 komodo dragons
  A freezing wraith (D:11)
  2 hellwings (D:9)
  3 merfolk (Lair:4)
  4 jumping spiders (Lair:4)
  A troll (shapeshifter) (D:11)
  2 trolls
  A hornet (D:11)
  Prince Ribbit (D:6)
  5 hippogriffs
  4 dream sheep (Lair:5)
  Sigmund (D:2)
  A shadow (D:11)
  5 redbacks (Lair:4)
  A wyvern (D:11)
  A wraith (D:10)
  A basilisk (Lair:3)
  21 yaks
  A human (D:8)
  Eustachio (D:6)
  A warg (D:9)
  Duvessa (D:4)
  11 porcupines
  9 water moccasins
  9 ice beasts
  5 orc warriors
  A hornet zombie (D:9)
  6 black bears
  5 phantoms
  A necrophage (D:8)
  6 sky beasts
  A tengu (shapeshifter) (D:9)
  5 ogres
  6 wolves
  5 centaurs
  7 crocodiles
  3 big kobolds
  14 bullfrogs
  Blork the orc (D:5)
  Dowan (D:4)
  A wyvern zombie (D:9)
  4 scorpions
  8 killer bees
  5 wights (D:9)
  6 howler monkeys
  An electric eel (Lair:3)
  3 crimson imps
  2 jellies
  5 hounds
  2 orc priests
  3 bullfrog skeletons
  4 iguanas
  Crazy Yiuf (D:4)
  6 orc wizards
  9 worker ants
  A bullfrog simulacrum (D:11)
  A hound zombie (D:6)
  A howler monkey skeleton (D:4)
  2 howler monkey zombies
  8 gnolls
  12 adders
  7 shadow imps
  2 adder zombies
  An ooze (D:1)
  3 adder skeletons
  2 worms
  A dart slug (D:2)
  3 leopard geckos
  25 orcs
  A ball python (D:3)
  10 bats
  3 bat skeletons (D:5)
  3 bat zombies (D:5)
  5 giant cockroaches
  9 hobgoblins
  9 jackals
  15 kobolds
  3 quokkas
  8 frilled lizards
  10 goblins
  A jackal skeleton (D:5)
  A leopard gecko zombie (D:8)
  5 rats
412 creatures vanquished.

Vanquished Creatures (others)
  12 fungi
  18 plants
30 creatures vanquished.

Grand Total: 442 creatures vanquished

Notes
Turn   | Place    | Note
-------+----------+-------------------------------------------
     0 | D:1      | vurker the Felid Air Elementalist began the quest for the
                  | Orb.
     0 | D:1      | Reached XP level 1. HP: 7/7 MP: 4/4
    37 | D:1      | Reached skill level 1 in Conjurations
    42 | D:1      | Reached XP level 2. HP: 10/11 MP: 0/6
   204 | D:1      | Reached skill level 3 in Air Magic
   572 | D:1      | Reached XP level 3. HP: 15/15 MP: 2/7
   704 | D:1      | Reached skill level 1 in Fighting
  1751 | D:2      | Reached XP level 4. HP: 15/19 MP: 1/9
  2598 | D:2      | Noticed Sigmund
  2608 | D:2      | Killed Sigmund
  2608 | D:2      | Reached skill level 4 in Air Magic
  2608 | D:2      | Reached XP level 5. HP: 14/22 MP: 3/11
  2711 | D:2      | Gained mutation: You are covered in thick fur. (AC +2)
                  | [Felid growth]
  2711 | D:2      | Reached XP level 6. HP: 25/26 MP: 8/12
  2745 | D:2      | Found a sacrificial altar of Ru.
  3546 | D:3      | Learned a level 5 spell: Lightning Bolt
  3551 | D:3      | Learned a level 4 spell: Airstrike
  4150 | D:4      | Found a runed translucent door.
  4151 | D:4      | Noticed Crazy Yiuf
  4249 | D:4      | Noticed Duvessa
  4249 | D:4      | Noticed Dowan
  4256 | D:4      | Slain by Duvessa
  4257 | D:4      | Reached XP level 5. HP: 0/22 MP: 7/11
  4263 | D:4      | Noticed a phantom
  4265 | D:4      | Killed a phantom
  4463 | D:4      | Reached XP level 6. HP: 27/27 MP: 8/13
  4526 | D:4      | Killed Duvessa
  4650 | D:4      | Killed Dowan
  4650 | D:4      | Reached skill level 5 in Air Magic
  5214 | D:4      | Killed Crazy Yiuf
  5214 | D:4      | Reached XP level 7. HP: 31/31 MP: 5/14
  5308 | D:5      | Entered Level 5 of the Dungeon
  5761 | D:5      | Found an ancient bone altar of Kikubaaqudgha.
  5966 | D:5      | Found a glowing golden altar of the Shining One.
  6009 | D:5      | Reached skill level 5 in Spellcasting
  6522 | D:5      | Found a staircase to the Ecumenical Temple.
  6524 | D:5      | Found a faded altar of an unknown god.
  6568 | Temple   | Entered the Ecumenical Temple
  6619 | Temple   | Became a worshipper of Vehumet
  6857 | D:5      | Noticed Blork the orc
  6879 | D:5      | Killed Blork the orc
  6879 | D:5      | Reached XP level 8. HP: 36/36 MP: 4/17
  6945 | D:5      | Reached skill level 6 in Air Magic
  7452 | D:6      | Found Roinar's Jewellery Shop.
  7614 | D:6      | Found Uxishro Woso's Food Shop.
  7822 | D:6      | Noticed Prince Ribbit
  7880 | D:6      | Killed Prince Ribbit
  7990 | D:6      | Found Veniun's Weapon Shoppe.
  8161 | D:6      | Gained mutation: You are surrounded by a mild repulsion
                  | field. (EV +2) [potion of mutation]
  8161 | D:6      | Gained mutation: You have a pair of small antennae on your
                  | head. [potion of mutation]
  8161 | D:6      | Gained mutation: Your thick and shaggy fur keeps you warm.
                  | (AC +3, rC+) [potion of mutation]
  8177 | D:6      | Found Wosil's Gadget Shoppe.
  8196 | D:6      | Noticed Eustachio
  8199 | D:6      | Killed Eustachio
  8356 | D:6      | Reached XP level 9. HP: 39/39 MP: 6/19
  8794 | D:7      | Reached skill level 7 in Air Magic
  9093 | D:7      | Reached skill level 5 in Conjurations
  9180 | D:7      | Noticed a two-headed ogre
  9192 | D:7      | Killed a two-headed ogre
  9192 | D:7      | Reached skill level 5 in Fighting
  9670 | D:8      | Reached * piety under Vehumet
  9670 | D:8      | Offered knowledge of Magic Dart by Vehumet.
  9973 | D:8      | Found Ociegel's Food Boutique.
 10165 | D:8      | Reached skill level 8 in Air Magic
 10350 | D:8      | Noticed a two-headed ogre
 10352 | D:8      | Reached XP level 10. HP: 45/45 MP: 2/22
 10851 | D:8      | Killed a two-headed ogre
 10951 | D:8      | Found a staircase to the Lair.
 11078 | D:8      | Noticed a two-headed ogre
 11082 | D:8      | Killed a two-headed ogre
 11824 | D:9      | Noticed Erica
 11829 | D:9      | Killed Erica
 11829 | D:9      | Reached ** piety under Vehumet
 11829 | D:9      | Offered knowledge of Searing Ray by Vehumet.
 11829 | D:9      | Reached skill level 9 in Air Magic
 12283 | D:9      | Reached XP level 11. HP: 42/49 MP: 15/25
 12657 | D:9      | Found a staircase to the Orcish Mines.
 12787 | D:9      | Offered knowledge of Ignite Poison by Vehumet.
 13093 | D:9      | Noticed Psyche
 13096 | D:9      | Killed Psyche
 13462 | D:9      | Reached *** piety under Vehumet
 14191 | D:10     | Entered Level 10 of the Dungeon
 14867 | D:10     | Found an opulent altar of Gozag.
 15370 | D:10     | Reached skill level 10 in Air Magic
 15523 | D:10     | Offered knowledge of Frozen Ramparts by Vehumet.
 15926 | D:11     | Noticed a deep elf mage
 16350 | D:11     | Noticed a five-headed hydra
 16355 | D:11     | Killed a five-headed hydra
 16355 | D:11     | Reached skill level 10 in Spellcasting
 16646 | D:11     | Reached skill level 5 in Stealth
 16884 | D:11     | Killed a deep elf mage
 16884 | D:11     | Reached skill level 5 in Dodging
 16884 | D:11     | Mutation became permanent: You are covered in thick fur.
                  | (AC +2) [Felid growth]
 16884 | D:11     | Gained mutation: Your thick and shaggy fur keeps you warm.
                  | (AC +3, rC+) [Felid growth]
 16884 | D:11     | Reached XP level 12. HP: 54/54 MP: 18/27
 17082 | D:11     | Noticed a seven-headed hydra
 17085 | D:11     | Noticed a centaur warrior
 17090 | D:11     | Killed a seven-headed hydra
 17451 | D:11     | Killed a centaur warrior
 18007 | D:11     | Reached **** piety under Vehumet
 18132 | D:11     | Offered knowledge of Fulminant Prism by Vehumet.
 18410 | Lair:1   | Entered Level 1 of the Lair of Beasts
 18722 | Lair:1   | Noticed a four-headed hydra
 18727 | Lair:1   | Killed a four-headed hydra
 18849 | Lair:1   | Reached skill level 11 in Air Magic
 19508 | Lair:1   | Found a radiant altar of Vehumet.
 20103 | D:9      | Lost mutation: You are surrounded by a mild repulsion
                  | field. (EV +2) [potion of mutation]
 20103 | D:9      | Gained mutation: Your spells are a little easier to cast,
                  | but a little less powerful. [potion of mutation]
 20103 | D:9      | Gained mutation: Your flesh is heat resistant. (rF+)
                  | [potion of mutation]
 20104 | D:9      | Lost mutation: Your spells are a little easier to cast, but
                  | a little less powerful. [potion of mutation]
 20104 | D:9      | Gained mutation: You are frail. (-10% HP) [potion of
                  | mutation]
 20104 | D:9      | Lost mutation: You are frail. (-10% HP) [potion of
                  | mutation]
 22010 | Lair:3   | Reached XP level 13. HP: 59/59 MP: 21/29
 23286 | Lair:3   | Reached ***** piety under Vehumet
 23562 | Lair:4   | Offered knowledge of Lee's Rapid Deconstruction by Vehumet.
 23971 | Lair:4   | Found a staircase to the Shoals.
 24485 | Lair:4   | Found a hole to the Spider Nest.
 25130 | Lair:5   | Reached skill level 12 in Air Magic
 25376 | Lair:5   | Mangled by a dream sheep
 25377 | Lair:5   | Reached XP level 12. HP: -10/57 MP: 5/28
 25406 | Lair:5   | Quit the game

Levels and vault maps discovered:
D:1:      psy_arrival_dodecagon, layout_loops_ring
D:2:      layout_loops_corners, chequers_avenue, minmay_statues_item,
          nicolae_ru_awakened_eye, uniq_sigmund
D:3:      layout_basic, first_ration
D:4:      layout_gridville, minivault_14, minmay_door_square,
          uniq_crazy_yiuf_cottage, uniq_duvessa
D:5:      layout_loops_ring, kennysheep_vampire_church,
          nicolae_temple_entry_ecumenical, basic_altar, uniq_blork_the_orc
D:6:      layout_basic, serial_shops, kennysheep_mini,
          nicolae_shop_behind_doors, shop, kennysheep_little_box,
          uniq_prince_ribbit1, uniq_eustachio
D:7:      layout_rooms, minmay_misc_feat_iff
D:8:      layout_basic, grunt_lair_entry_orc_guard_hut, serial_shops,
          shop_statue, grunt_pizzeria
D:9:      cheibrodos_grave_circle, layout_irregular_city, david_orc_3,
          uniq_erica, uniq_psyche
D:10:     layout_loops_ring, basic_altar, minmay_circle_x
D:11:     layout_cave_pods, minmay_shattered_shrine
Temple:   dpeg_three_leaves_temple
Lair:1:   layout_cave_pods, basic_altar
Lair:2:   layout_gridlike
Lair:3:   layout_misc_corridors, infiniplex_staircase_pool,
          serial_bayou_shore_a, lemuel_fruit_fields
Lair:4:   layout_cave_shapes, elwin_shoals_entry_stream,
          nicolae_spider_entry_tight_spaces
Lair:5:   layout_loops_ring, zaba_antful_of_joy, uniq_urug

Skill      XL: |  1  2  3  4  5  6  7  8  9 10 11 12 13 |
---------------+----------------------------------------+-----
Conjurations   | 1 2 3 4 6 7 8 |  8.0
Air Magic      | 3 4 5 6 8 9 10 11 12 | 12.0
Fighting       | 1 2 3 4 5 6 7 8 9 |  9.2
Spellcasting   | 3 4 5 6 7 9 10 11 | 11.9
Stealth        | 5 7 8 |  8.9
Dodging        | 5 7 8 |  8.4

Action                   |  1- 3 |  4- 6 |  7- 9 | 10-12 | 13-15 || total
-------------------------+-------+-------+-------+-------+-------++-------
Melee: Unarmed           |    10 |       |       |    11 |       ||    21
       Bite              |     1 |       |       |       |       ||     1
 Cast: Shock             |    98 |   112 |    41 |    46 |     9 ||   306
       Airstrike         |       |     7 |   102 |   363 |   123 ||   595
       Lightning Bolt    |       |       |       |     1 |     3 ||     4
Evoke: Wand              |       |       |       |       |     8 ||     8
  Use: Scroll            |       |       |     9 |     2 |     7 ||    18
       Potion            |       |       |     1 |     2 |       ||     3
  Eat: Chunk             |    10 |    11 |    25 |    40 |     6 ||    92
Armor: Skin              |     2 |     2 |     3 |     4 |     2 ||    13
Dodge: Dodged            |    18 |    21 |    32 |    63 |    58 ||   192

Table legend:
 A = Non-vault XP
 B = Vault XP
 C = Vault XP percentage of total XP
 D = Non-vault monster count
 E = Vault monster count
 F = Vault count percentage of total count
                 A         B        C        D         E       F
            +---------+---------+-------+---------+---------+-------
      Total |   35506 |   16885 |  32.2 |     330 |      82 |  19.9
            +---------+---------+-------+---------+---------+-------
        D:1 |      68 |       0 |   0.0 |      37 |       0 |   0.0
        D:2 |      84 |     238 |  73.9 |      27 |       1 |   3.6
        D:3 |      34 |       0 |   0.0 |      10 |       0 |   0.0
        D:4 |     291 |     269 |  48.0 |       7 |       3 |  30.0
        D:5 |     868 |     106 |  10.9 |      24 |       7 |  22.6
        D:6 |     741 |     433 |  36.9 |      15 |       2 |  11.8
        D:7 |    1649 |       0 |   0.0 |      12 |       0 |   0.0
        D:8 |    3103 |    1040 |  25.1 |      25 |       7 |  21.9
        D:9 |    1989 |    4409 |  68.9 |      28 |      23 |  45.1
       D:10 |    1642 |     787 |  32.4 |      21 |       6 |  22.2
       D:11 |    3597 |    5942 |  62.3 |      34 |      20 |  37.0
     Lair:1 |    4656 |       0 |   0.0 |      16 |       0 |   0.0
     Lair:2 |    3997 |       0 |   0.0 |      22 |       0 |   0.0
     Lair:3 |    8005 |       0 |   0.0 |      30 |       0 |   0.0
     Lair:4 |    2222 |    3661 |  62.2 |      10 |      13 |  56.5
     Lair:5 |    2560 |       0 |   0.0 |      12 |       0 |   0.0
            +---------+---------+-------+---------+---------+-------
